 Dungeon Crawl Stone Soup version 0.23-b1-70-gd12f7cf (webtiles) character file.

Game seed: 6062112869118960192

520 bosm the Bolt Thrower (level 7, 0/40 HPs)
             Began as a Kobold Hunter on Feb 6, 2019.
             Killed by divine providence
             ... invoked by an orc priest
              (13 damage)
             ... on level 4 of the Dungeon.
             The game lasted 00:09:18 (3650 turns).

bosm the Bolt Thrower (Kobold Hunter)               Turns: 3650, Time: 00:09:18

Health: 0/40       AC:  5    Str: 11    XL:     7   Next: 45%
Magic:  7/7        EV: 15    Int: 13    God:
Gold:   242        SH:  0    Dex: 15    Spells: 6/6 levels left

rFire    + . .     SeeInvis .   w - +1 hand crossbow
rCold    . . .     Gourm    .   (shield restricted)
rNeg     . . .     Faith    .   h - +0 ring mail
rPois    .         Spirit   .   (no helmet)
rElec    .         Reflect  .   (no cloak)
rCorr    .         Harm     .   (no gloves)
MR       .....                  (no boots)
Stlth    +.........             (no amulet)
HPRegen  0.13/turn              o - ring of protection from fire
MPRegen  0.10/turn              (no ring)

@: lightly drained
A: small, carnivore
a: no special abilities


You were on level 4 of the Dungeon.
You were completely stuffed.

You visited 1 branch of the dungeon, and saw 4 of its levels.

You collected 242 gold pieces.

Inventory:

Hand Weapons
 a - a +2 dagger of venom
 q - a +0 short sword of draining
 w - a +1 hand crossbow (weapon)
Missiles
 d - 39 bolts (quivered)
Armour
 h - a +0 ring mail (worn)
Jewellery
 o - a ring of protection from fire (left hand)
Scrolls
 c - 2 scrolls of remove curse
 e - a scroll of amnesia {unknown}
 g - a scroll of teleportation {unknown}
 k - 2 scrolls of fog {unknown}
 l - 5 scrolls of identify {unknown}
 m - a scroll of blinking {unknown}
Potions
 b - 2 potions of agility {unknown}
 i - a potion of lignification {unknown}
 j - a potion of heal wounds {unknown}
 n - a potion of invisibility {unknown}
 p - 2 potions of curing {unknown}
 r - a potion of berserk rage {unknown}
 s - a potion of degeneration {unknown}
Comestibles
 f - 7 rations
 t - 2 chunks of flesh


   Skills:
 - Level 2.1(1.7) Fighting
 + Level 4.5(4.0) Short Blades
 * Level 7.9(7.4) Crossbows
 + Level 5.0(4.5) Dodging
 - Level 1.3(0.9) Stealth


You had 6 spell levels left.
You didn't know any spells.
Your spell library was empty.

Dungeon Overview and Level Annotations

Branches:
Dungeon (4/15)
 Temple: D:4-7

Altars:
Cheibriados
Kikubaaqudgha
Nemelex Xobeh
Qazlal


Innate Abilities, Weirdness & Mutations

You are small and have problems with some larger weapons.
You are carnivorous and can eat meat at any time.


Message History

Press: ? - help, Shift-Dir - straight line, f/p - orc priest
Aim: an orc priest (moderately wounded)
You shoot a bolt.
The bolt hits the orc priest but does no damage.
The orc priest is moderately wounded.
Firing (i - inventory)
d - 41 bolts (quivered)
Press: ? - help, Shift-Dir - straight line, f/p - orc priest
Aim: an orc priest (moderately wounded)
You shoot a bolt. The bolt hits the orc priest!
The orc priest is almost dead.
The orc priest mumbles some strange prayers to Beogh against you.
Beogh smites you!
* * * LOW HITPOINT WARNING * * *
Firing (i - inventory)
d - 40 bolts (quivered)
Press: ? - help, Shift-Dir - straight line, f/p - orc priest
Aim: an orc priest (almost dead)
You shoot a bolt. The bolt closely misses the orc priest.
The orc priest calls down the wrath of Beogh upon you.
Beogh smites you!
You die...

##..(.(...........#
#....(............#
.......(......#.###
#.......O...####
###......(...(####
....##....(..[...##
#.....)..o.(....#
#..###...........###
###+###..#...÷@......#
#≈≈.≈≈#...#.....#....#
#≈8.8≈#..##..........#
+.._..'..#....#....###
#≈8.8≈#......###<###
#≈≈.≈≈##......####
###+####..##..#
#......###### ####..##


You could see a two-headed ogre and an orc priest.

Vanquished Creatures
  Sigmund (D:3)
  A scorpion (D:4)
  A howler monkey (D:4)
  An orc priest (D:3)
  An iguana (D:3)
  A worker ant (D:4)
  3 gnolls (D:3)
  4 adders
  An ooze (D:3)
  4 worms
  A dart slug (D:1)
  2 leopard geckos
  16 orcs
  14 bats
  4 giant cockroaches
  12 goblins
  8 hobgoblins
  8 jackals
  A quokka (D:4)
  2 ball pythons (D:3)
  4 frilled lizards
  9 kobolds
  7 rats
106 creatures vanquished.

Notes
Turn   | Place    | Note
-------+----------+-------------------------------------------
     0 | D:1      | bosm the Kobold Hunter began the quest for the Orb.
     0 | D:1      | Reached XP level 1. HP: 12/12 MP: 1/1
    37 | D:1      | Reached skill level 5 in Crossbows
   103 | D:1      | Reached XP level 2. HP: 17/17 MP: 2/2
   132 | D:1      | Reached skill level 1 in Short Blades
   324 | D:1      | Reached XP level 3. HP: 15/21 MP: 3/3
  1126 | D:2      | Found a snail-covered altar of Cheibriados.
  1151 | D:2      | Reached XP level 4. HP: 26/26 MP: 4/4
  1405 | D:2      | Reached skill level 6 in Crossbows
  1558 | D:2      | Found a stormy altar of Qazlal.
  1874 | D:3      | Reached XP level 5. HP: 30/30 MP: 5/5
  2120 | D:3      | Found a sparkling altar of Nemelex Xobeh.
  2513 | D:3      | Reached XP level 6. HP: 32/35 MP: 6/6
  2673 | D:3      | Noticed Sigmund
  2679 | D:3      | Killed Sigmund
  2679 | D:3      | Reached skill level 7 in Crossbows
  2892 | D:4      | Noticed an ogre
  2952 | D:4      | Reached XP level 7. HP: 40/40 MP: 7/7
  2999 | D:4      | Found an ancient bone altar of Kikubaaqudgha.
  3045 | D:4      | Identified the +3 scale mail of Xom's Delight {-Cast Regen+
                  | Str+3}
  3248 | D:3      | Reached skill level 5 in Dodging
  3436 | D:4      | Noticed a two-headed ogre
  3650 | D:4      | Killed from afar by an orc priest

Skill      XL: |  1  2  3  4  5  6  7 |
---------------+----------------------+-----
Crossbows      | 5 6 7 |  7.9
Short Blades   | 1 2 3 4 |  4.5
Dodging        | 3 4 5 |  5.0
Fighting       | |  2.1
Stealth        | |  1.3

Action                   |  1- 3 |  4- 6 |  7- 9 || total
-------------------------+-------+-------+-------++-------
Melee: Short sword       |    94 |   150 |    29 ||   273
       Dagger            |       |       |    50 ||    50
 Fire: Hand crossbow     |    17 |    72 |    15 ||   104
  Use: Scroll            |       |     1 |       ||     1
 Stab: Sleeping          |       |     1 |       ||     1
  Eat: Chunk             |     3 |    12 |     2 ||    17
Armor: Leather armour    |     8 |       |       ||     8
       Ring mail         |    27 |    45 |    26 ||    98
Dodge: Dodged            |   100 |   128 |    61 ||   289
